 Dungeon Crawl Stone Soup version 0.29-a0-717-g6dac4ea423 (webtiles) character file.

Game seed: 13459760483863366951

53 polve the Slasher (level 3, 0/34 HPs)
             Began as a Tengu Berserker on June 26, 2022.
             Was a Believer of Trog.
             Slain by an ice beast (5 damage)
             ... on level 3 of the Dungeon.
             The game lasted 00:01:39 (1467 turns).

polve the Slasher (Tengu Berserker)                 Turns: 1467, Time: 00:01:39

Health: 0/34       AC:  2    Str: 17    XL:     3   Next: 89%
Magic:  4/4        EV: 12    Int:  7    God:    Trog [**....]
Gold:   43         SH:  0    Dex: 15    Spells: 2/2 levels left

rFire   . . .      SeeInvis .   a - +0 falchion
rCold   . . .      Faith    .   (no shield)
rNeg    . . .      Spirit   .   b - +0 animal skin
rPois   .          Reflect  .   (helmet restricted)
rElec   .          Harm     .   (no cloak)
rCorr   .          Rampage  .   (no gloves)
Will    .....                   (boots unavailable)
Stlth   ..........              (no amulet)
HPRegen 0.11/turn               (no ring)
MPRegen 0.09/turn               (no ring)

@: brilliant, berserking (expiring), very quick
A: beak, talons 3
a: Renounce Religion, Berserk, Trog's Hand


You were on level 3 of the Dungeon.
You worshipped Trog.
Trog was pleased with you.
You visited 1 branch of the dungeon, and saw 3 of its levels.

You collected 43 gold pieces.

Inventory:

Hand Weapons
 a - a +0 falchion (weapon)
Armour
 b - a +0 animal skin (worn)
Scrolls
 c - a scroll of summoning {unknown}
 d - a scroll of immolation {unknown}
 e - a scroll of enchant weapon {unknown}
 g - a scroll of vulnerability {unknown}
Potions
 f - a potion of curing


   Skills:
 - Level 3.0 Fighting
 + Level 5.1 Long Blades
 - Level 2.1 Armour
 - Level 2.1 Dodging


You had 2 spell levels left.
You didn't know any spells.
Your spell library was empty.

Dungeon Overview and Level Annotations

Branches:
Dungeon (3/15)

Altars:

Shops:
D:2 *


Innate Abilities, Weirdness & Mutations

You have a beak for a mouth.
You have claws for feet.


Message History

Things that are here:
a +0 dagger; a hobgoblin skeleton You see here a hobgoblin skeleton.
You see here a +0 dagger.
Items here: ))) [[.
You see here a +0 dagger.
Items here: ))))) รทรทรทรท.
You see here a +0 spear.
Found Zoalutz's General Store.
There is an entrance to Zoalutz's General Store here.
There is an entrance to Zoalutz's General Store here.
Found 7 stones.
An ogre comes into view. It is wielding a +0 giant spiked club.
An ogre is nearby!
An ogre is nearby!
An ogre is nearby!
The ogre hits you with a +0 giant spiked club!!
Ouch! That really hurt!
* * * LOW HITPOINT WARNING * * *
There is a stone staircase leading down here.
You climb downwards.
Found 5 stones and a scroll labelled RAZAGH WID ECI.
There is a stone staircase leading up here.
It was a potion of brilliance.
You feel clever all of a sudden.
It was a potion of curing.
You feel better.
You drop a potion of brilliance.
A red film seems to cover your vision as you go berserk!
You feel yourself moving faster!
You feel mighty! The ice beast hits you. The ice beast freezes you!
* * * LOW HITPOINT WARNING * * *
You barely miss the ice beast. You claw the ice beast!
The ice beast is moderately wounded.
You hit the ice beast but do no damage.
The ice beast is moderately wounded.
The ice beast barely misses you.
You closely miss the ice beast. You claw the ice beast.
The ice beast is moderately wounded.
The ice beast hits you.
You die...

.###... #
.....######
#.##.?......
#........#
#+#...<..###
.....(......#
............+ #
............####.#
.............Y@..#
##################


You could see an ice beast.

Vanquished Creatures
  Robin (D:2)
  A dart slug (D:2)
  An endoplasm (D:1)
  A giant cockroach (D:1)
  11 goblins
  4 hobgoblins
  4 jackals (D:1)
  2 quokkas
  2 ball pythons (D:1)
  2 bats
  A frilled lizard (D:1)
  5 kobolds (D:1)
  3 rats (D:1)
38 creatures vanquished.

Notes
Turn   | Place    | Note
-------+----------+-------------------------------------------
     0 | D:1      | polve the Tengu Berserker began the quest for the Orb.
     0 | D:1      | Reached XP level 1. HP: 14/14 MP: 2/2
    53 | D:1      | Reached XP level 2. HP: 7/19 MP: 3/3
    60 | D:1      | Reached skill level 4 in Long Blades
   617 | D:1      | Reached XP level 3. HP: 19/23 MP: 4/4
   953 | D:2      | Noticed Robin
   959 | D:2      | Reached ** piety under Trog
   962 | D:2      | Killed Robin
   963 | D:2      | Reached skill level 5 in Long Blades
   972 | D:2      | HP: 1/34 [goblin/+0 club[Robin] (2)]
  1357 | D:2      | Found Zoalutz's General Store.
  1432 | D:2      | Noticed an ogre
  1452 | D:3      | Noticed an ice beast
  1467 | D:3      | Slain by an ice beast

Illustrated notes

Levels and vault maps discovered:
D:1:      scummos_arrival_hexagon, layout_rooms, chequers_serial_rivers_small_a
D:2:      layout_loops_ring, serial_shops, shop, uniq_robin
D:3:      layout_basic, uniq_grinder

Skill      XL: |  1  2  3 |
---------------+----------+-----
Long Blades    | 4 5 |  5.1
Fighting       | |  3.0
Armour         | |  2.1
Dodging        | |  2.1

Action                   || total
-------------------------++-------
Melee: Falchion          ||    71
       Kick              ||    19
       Peck              ||     4
Invok: Berserk           ||     2
  Use: Potion            ||     2
 Stab: Sleeping          ||     1
Armor: Animal skin       ||    11
Dodge: Dodged            ||    44

Table legend: (Time is in decaauts)
 A = Elapsed time spent in this place.
 B = Non-inter-level travel time spent in this place.
 C = Inter-level travel time spent in this place.
 D = Time resting spent in this place.
 E = Time spent auto-exploring this place.
 F = Levels seen in this place.
 G = Mean time per level.
                   A        B        C        D        E       F      G
               +--------+--------+--------+--------+--------+-----+--------+
         Total |   1480 |   1463 |     17 |     52 |   1205 |   3 |  493.3 |
       Dungeon |   1480 |   1463 |     17 |     52 |   1205 |   3 |  493.3 |
               +--------+--------+--------+--------+--------+-----+--------+

Top non-repeatable levels by time:
     D:1: 805 daAuts
     D:2: 660 daAuts
     D:3: 14 daAuts
